General information
- name: BNet
- type: Ladder 1vs1/FFA
- host: Battle.net
- saver: Lissy
map: TwistedMeadows
- players: 2
- length: 20:55
- speed: Fast
- version: 1.23 W3XP
- replay type: Public
» download(76 KB)
Players
team 1 (loser)
CoWBoYBEBoP. (
purple | 84 APM | 1748 actions | 20:52)
4 Mountain King
2 Storm Bolt
2 Bash
» actions
| Assign group hotkey | 115 | |
| Basic commands | 52 | |
| Build / train | 101 | |
| ESC pressed | 16 | |
| Enter build submenu | 69 | |
| Enter hero's abilities submenu | 4 | |
| Give item / drop item | 3 | |
| Right click | 567 | |
| Select / deselect | 393 | |
| Select group hotkey | 272 | |
| Use ability | 156 | |
1748 total
» units
| Peasant | 19 | |
| Footman | 22 | |
| Goblin Shredder | 5 | |
| Goblin Sapper | 3 | |
| Goblin Zeppelin | 1 | |
50 total
» upgrades
» buildings
| Farm | 7 | |
| Altar of Kings | 4 | |
| Barracks | 1 | |
| Scout Tower | 50 | |
| Lumber Mill | 1 | |
| Arcane Tower | 4 | |
| Town Hall | 3 | |
| Guard Tower | 27 | |
| Arcane Vault | 1 | |
| Keep | 5 | |
103 total
» build order
00:35 Farm
00:37 Altar of Kings
01:07 Barracks
01:10 Farm
01:39 Scout Tower
01:53 Scout Tower
02:03 Lumber Mill
02:08 Farm
02:10 Farm
02:30 Arcane Tower
02:40 Farm
02:59 Arcane Tower
05:09 Town Hall
05:13 Scout Tower
05:13 Scout Tower
05:14 Scout Tower
05:15 Scout Tower
05:19 Scout Tower
05:21 Scout Tower
05:38 Farm
05:42 Scout Tower
05:46 Scout Tower
05:50 Guard Tower
05:53 Arcane Tower
05:55 Guard Tower
06:02 Arcane Vault
06:17 Scout Tower
06:26 Scout Tower
06:29 Scout Tower
07:06 Guard Tower
08:12 Farm
09:02 Keep
09:25 Guard Tower
11:13 Keep
11:13 Keep
12:10 Guard Tower
12:40 Scout Tower
12:40 Scout Tower
12:42 Scout Tower
12:42 Scout Tower
12:44 Scout Tower
13:18 Guard Tower
13:24 Town Hall
13:26 Scout Tower
13:26 Scout Tower
13:27 Scout Tower
13:27 Scout Tower
13:30 Scout Tower
13:33 Scout Tower
13:35 Scout Tower
13:35 Scout Tower
13:36 Scout Tower
13:39 Scout Tower
13:41 Scout Tower
13:45 Scout Tower
13:45 Scout Tower
13:45 Scout Tower
13:58 Scout Tower
13:59 Scout Tower
13:59 Scout Tower
14:00 Keep
14:03 Scout Tower
14:05 Altar of Kings
14:08 Scout Tower
14:09 Scout Tower
14:13 Scout Tower
14:13 Scout Tower
14:17 Scout Tower
14:32 Guard Tower
14:58 Guard Tower
14:58 Guard Tower
15:15 Guard Tower
15:45 Scout Tower
15:45 Scout Tower
15:56 Altar of Kings
16:13 Guard Tower
16:24 Altar of Kings
16:28 Guard Tower
16:30 Scout Tower
16:30 Scout Tower
16:38 Guard Tower
16:38 Guard Tower
16:39 Guard Tower
16:42 Guard Tower
16:54 Scout Tower
16:56 Scout Tower
16:58 Guard Tower
16:59 Guard Tower
17:21 Guard Tower
17:21 Guard Tower
17:22 Guard Tower
17:56 Guard Tower
17:59 Arcane Tower
18:09 Guard Tower
18:12 Scout Tower
18:13 Scout Tower
18:21 Scout Tower
18:46 Guard Tower
19:19 Guard Tower
20:17 Town Hall
» items
| Scroll of Regeneration | 1 | |
| Lesser Clarity Potion | 2 | |
| Scroll of Healing | 1 | |
| Boots of Speed | 1 | |
| Periapt of Vitality | 1 | |
| Potion of Lesser Invulnerability | 1 | |
7 total
team 2 (winner)
Lissy (
blue | 111 APM | 2315 actions | 20:55)
4 Death Knight
2 Death Coil
2 Unholy Aura
4 Lich
2 Frost Nova
2 Frost Armor
2 Pandaren Brewmaster
1 Breath of Fire
1 Drunken Brawler
» actions
| Assign group hotkey | 48 | |
| Basic commands | 173 | |
| Build / train | 59 | |
| Enter build submenu | 15 | |
| Enter hero's abilities submenu | 10 | |
| Remove unit from queue | 1 | |
| Right click | 1074 | |
| Select / deselect | 321 | |
| Select group hotkey | 541 | |
| Use ability | 73 | |
2315 total
» units
| Acolyte | 4 | |
| Ghoul | 11 | |
| Crypt Fiend | 3 | |
| Obsidian Statue | 2 | |
| Frost Wyrm | 2 | |
22 total
» upgrades
| Destroyer Form | 1 | |
| Creature Attack | 1 | |
| Burrow | 1 | |
| Web | 1 | |
4 total
» buildings
| Crypt | 1 | |
| Altar of Darkness | 1 | |
| Ziggurat | 6 | |
| Tomb of Relics | 1 | |
| Nerubian Tower | 4 | |
| Halls of the Dead | 1 | |
| Graveyard | 1 | |
| Black Citadel | 4 | |
| Slaughterhouse | 1 | |
| Sacrificial Pit | 1 | |
| Boneyard | 1 | |
22 total
» build order
00:07 Crypt
00:10 Altar of Darkness
00:32 Ziggurat
00:57 Tomb of Relics
01:46 Ziggurat
01:55 Nerubian Tower
01:55 Nerubian Tower
01:56 Nerubian Tower
03:04 Halls of the Dead
04:13 Graveyard
04:29 Ziggurat
05:25 Black Citadel
05:26 Black Citadel
05:26 Black Citadel
06:17 Slaughterhouse
07:13 Sacrificial Pit
08:06 Boneyard
09:08 Ziggurat
10:05 Ziggurat
11:40 Ziggurat
» items
| Rod of Necromancy | 3 | |
| Orb of Corruption | 1 | |
| Potion of Lesser Invulnerability | 2 | |
6 total
Chat log
(03:46 / All) CoWBoYBEBoP.: nice scouting btw
(03:55 / All) Lissy: ?
(03:58 / All) CoWBoYBEBoP.: ?
(03:58 / All) CoWBoYBEBoP.: ?
(03:59 / All) CoWBoYBEBoP.: ?
(04:00 / All) CoWBoYBEBoP.: ?
(04:02 / All) Lissy: replay..
(07:33 / All) CoWBoYBEBoP.: dont u love human vs ud
(07:41 / All) Lissy: is ok
(16:44 / All) Lissy: do you believe in aliens?
(20:45 / All) CoWBoYBEBoP.: thats funny
(20:48 / All) CoWBoYBEBoP.: search again
(20:50 / All) Lissy: k
(20:51 / All) CoWBoYBEBoP.: I show u true skill of ud